 Dungeon Crawl Stone Soup version 0.27.1-4-g1640c2035a (webtiles) character file.

Game seed: 53309550885042572

1 Descartes the Sneak (level 1, 0/9 HPs)
             Began as a Felid Wanderer on Nov 2, 2021.
             Slain by a giant cockroach (2 damage)
             ... on level 1 of the Dungeon.
             The game lasted 00:00:12 (61 turns).

Descartes the Sneak (Felid Wanderer)                  Turns: 61, Time: 00:00:12

Health: 0/9        AC:  1    Str:  7    XL:     1   Next: 16%
Magic:  2/2        EV: 16    Int: 14    God:
Gold:   12         SH:  0    Dex: 15    Spells: 0/0 levels left
                                        Lives:  0   Deaths: 0

rFire    . . .     SeeInvis +     - Unarmed
rCold    . . .     Faith    .   (shield unavailable)
rNeg     . . .     Spirit   .   (armour unavailable)
rPois    .         Reflect  .   (helmet unavailable)
rElec    .         Harm     .   (cloak unavailable)
rCorr    .         Rampage  .   (gloves unavailable)
Will     .....                  (boots unavailable)
Stlth    +++.......             (no amulet)
HPRegen  0.03/turn              (no ring)
MPRegen  0.08/turn              (no ring)

@: quick
A: very small, claws 1, fangs 3, see invisible, speed 1, shaggy fur 1, stealthy
paws, no weapons or thrown items, no armour, multi-lived
a: no special abilities


You were on level 1 of the Dungeon.
You visited 1 branch of the dungeon, and saw 1 of its levels.

You collected 12 gold pieces.

Inventory:

Scrolls
 a - a scroll of fear
 c - a scroll of teleportation
Potions
 b - a potion of berserk rage
 d - a potion of lignification


   Skills:
 + Level 2.0 Fighting
 + Level 1.3 Dodging
 + Level 4.0 Stealth
 + Level 4.0 Unarmed Combat


You couldn't memorise any spells.
You didn't know any spells.
Your spell library was empty.

Dungeon Overview and Level Annotations

Branches:
Dungeon (1/15)

Altars:


Innate Abilities, Weirdness & Mutations

You have sharp claws.
You have razor-sharp teeth.
You have supernaturally acute eyesight. (SInv)
You cover ground quickly. (Speed+)
You are covered in fur. (AC +1)
Your paws help you pounce on unaware monsters.
You are incapable of wielding weapons or throwing items.
You cannot wear armour.
You gain extra lives every three experience levels.


Message History

The endoplasm is severely wounded.
The endoplasm freezes you.
You are frozen.
You are too injured to fight recklessly!
You are too injured to fight recklessly!
You are too injured to fight recklessly!
You are too injured to fight recklessly!
You are too injured to fight recklessly!
You are too injured to fight recklessly!
You are too injured to fight recklessly!
You are too injured to fight recklessly!
You are too injured to fight recklessly!
You are too injured to fight recklessly!
You are too injured to fight recklessly!
You are too injured to fight recklessly!
You are too injured to fight recklessly!
You are too injured to fight recklessly!
You scratch the endoplasm. You bite the endoplasm.
You kill the endoplasm!
A giant cockroach comes into view.
Found a scroll labelled DAVARHU AZXET and a scroll of fear.
The giant cockroach bites you.
You claw the dart slug!
The dart slug is almost dead.
The giant cockroach bites you.
* * * LOW HITPOINT WARNING * * *
You closely miss the giant cockroach. Your bite misses the giant cockroach.
The giant cockroach closely misses you.
You scratch the giant cockroach but do no damage.
The giant cockroach completely misses you.
You scratch the giant cockroach.
The giant cockroach is almost dead.
The giant cockroach barely misses you.
You completely miss the giant cockroach.
The giant cockroach is severely wounded.
The giant cockroach barely misses you.
You barely miss the giant cockroach.
The giant cockroach is severely wounded.
The giant cockroach bites you.
You die...

#.#.#.#..# #.#
#.#.#.#.# #.#
#.#.#).# #.#
#<#.#.# #.#
#.#.#..# #.#
#.#.#.#.# #.#
#.#.#.#..# #.#
#### #...#
#########.# #
##.#..##..B@.....#
..
........w#########
... ###.##..#
....##..##..#
#...??.#..#####
#[.(.w........
##..##.#######
#.###.# ... ..#


You could see a dart slug and a giant cockroach.

Vanquished Creatures
  An endoplasm (D:1)
1 creature vanquished.

Notes
Turn   | Place    | Note
-------+----------+-------------------------------------------
     0 | D:1      | Descartes the Felid Wanderer began the quest for the Orb.
     0 | D:1      | Descartes set off with the following items: a scroll of
                  | fear, a potion of berserk rage, a scroll of teleportation,
                  | a potion of lignification
     0 | D:1      | Reached XP level 1. HP: 9/9 MP: 2/2
    61 | D:1      | Slain by a giant cockroach

Illustrated notes

Levels and vault maps discovered:
D:1:      lightli_arrival_chessboard, layout_basic,
          ebering_ecumenical_altar_abandoned, serial_shops,
          nicolae_shop_behind_doors, minmay_pentomino_p4

Action                   || total
-------------------------++-------
Melee: Unarmed           ||     8
       Bite              ||     1
Dodge: Dodged            ||     4
